 Dungeon Crawl Stone Soup version 0.18-a0-1147-g8e8348b (webtiles) character file.

72 sugabear the Cudgeler (level 4, -2/23 HPs)
             Began as a Vine Stalker Gladiator on Jan 23, 2016.
             Slain by Sigmund
             ... wielding a +0 scythe
              (9 damage)
             ... on level 2 of the Dungeon.
             The game lasted 00:01:56 (1280 turns).

sugabear the Cudgeler (Vine Stalker Gladiator)      Turns: 1280, Time: 00:01:56

Health: -2/23      AC:  4    Str: 19    XL:     4   Next: 25%
Magic:  0/5        EV: 13    Int:  8    God:
Gold:   79         SH:  0    Dex: 14    Spells: 0 memorised, 3 levels left

rFire  . . .     SeeInvis .     a - +0 flail
rCold  . . .     Gourm    .     b - +0 leather armour
rNeg   . . .     Faith    .     (no shield)
rPois  .         Spirit   +     c - +0 helmet
rElec  .         Dismiss  .     (no cloak)
rCorr  .         Reflect  .     (no gloves)
SustAt .         Harm     .     (no boots)
MR     .....                    (no amulet)
Stlth  +.........               (no ring)
                                (no ring)

@: confused, not resistant to hostile enchantments, very unstealthy
A: fangs 2, regeneration 1, magic shield, antimagic bite, no device heal 3, rot
immunity
a: no special abilities


You were on level 2 of the Dungeon.
You were hungry.

You visited 1 branch of the dungeon, and saw 2 of its levels.

You collected 79 gold pieces.

Inventory:

Hand Weapons
 a - a +0 flail (weapon)
Missiles
 d - a throwing net (quivered)
Armour
 b - a +0 leather armour (worn)
 c - a +0 helmet (worn)
Jewellery
 o - an uncursed ring of protection from cold {unknown}
Scrolls
 e - a scroll of blinking {unknown}
 i - 2 scrolls of identify {unknown}
 j - 2 scrolls of remove curse {unknown}
 n - a scroll of magic mapping {unknown}
Potions
 g - a potion of agility {unknown}
 h - a potion of curing {unknown}
 k - a potion of poison {unknown}
 l - a potion of flight {unknown}
Comestibles
 f - 2 bread rations
 m - a chunk of flesh


   Skills:
 + Level 2.1 Fighting
 + Level 3.3 Maces & Flails
 + Level 1.9 Throwing
 + Level 1.2 Armour
 + Level 3.0 Dodging


You had 3 spell levels left.
You didn't know any spells.

Dungeon Overview and Level Annotations

Branches:
Dungeon (2/15)

Altars:

Annotations:
D:2 Sigmund


Innate Abilities, Weirdness & Mutations

You have extremely sharp teeth.
Your natural rate of healing is unusually fast.
When hurt, damage is shared between your health and your magic reserves.
Your bite disrupts and absorbs the magic of your enemies.
Potions and wands cannot restore your health.
You are immune to rotting.


Message History

Sigmund is lightly wounded.
Sigmund points at you and mumbles some strange words.
You are confused.
Sigmund struggles to escape the net.
You hit Sigmund.
Sigmund is moderately wounded.
Sigmund points at you and mumbles some strange words.
The magic dart hits you!
* * * LOW HITPOINT WARNING * * *
Sigmund struggles against the net.
You bump into the rock wall.
Sigmund struggles against the net.
You hit Sigmund. You bite Sigmund.
Sigmund's magic leaks into the air.
You drain his magic.
You feel invigorated.
Sigmund is heavily wounded.
You are feeling hungry.
Sigmund struggles against the net. x2
The net rips apart, and Sigmund comes free!
Sigmund hits you from afar with a scythe!
You die...

#<# ...[..b.# ..@?....#
.#...##.# #... #.# #..
..# #. #.# ######### #.
##.####### #..)....#
........@# #.#####.#
...#...#.#######.#####.#
#.....@..........##.#
#.....#(##.#..#..##.# .#
##.#..#.##.#........#
...#
......#......##..####
...#
##..#.#####.####..##
...#
#...#.#####.####...#
...#
##.##........)...#.#


You could see Sigmund.

Vanquished Creatures
  An adder (D:2)
  An ooze (D:1)
  3 giant geckos (D:1)
  3 giant cockroaches
  7 goblins
  7 hobgoblins
  8 kobolds
  A ball python (D:1)
  8 bats
  7 giant newts
  6 rats
52 creatures vanquished.

Vanquished Creatures (others)
  A plant (D:1)
  4 toadstools (D:1)
5 creatures vanquished.

Grand Total: 57 creatures vanquished

Notes
Turn   | Place    | Note
--------------------------------------------------------------
     0 | D:1      | sugabear the Vine Stalker Gladiator began the quest for the Orb.
     0 | D:1      | Reached XP level 1. HP: 11/11 MP: 2/2
    76 | D:1      | Reached XP level 2. HP: 15/15 MP: 3/3
   154 | D:1      | Reached skill level 3 in Maces & Flails
   260 | D:1      | Reached XP level 3. HP: 18/18 MP: 4/4
   841 | D:2      | Noticed Sigmund
   965 | D:2      | Reached skill level 1 in Armour
  1006 | D:2      | Reached XP level 4. HP: 17/23 MP: 5/5
  1280 | D:2      | Slain by Sigmund

Vault maps used:
D:1:      ldierk_water_garden, serial_bayou_pond_a, lexackson_kobold_supper
D:2:      nicolae_overflow_hidden_temple, first_bread, uniq_sigmund

Action                   |  1- 3 |  4- 6 || total
-------------------------+-------+-------++-------
Melee: Flail             |   113 |    31 ||   144
Throw: Throwing net      |       |     2 ||     2
 Stab: Sleeping          |     1 |       ||     1
  Eat: Chunk             |       |     1 ||     1
